 Dungeon Crawl Stone Soup version 0.19.4-8-ga85b6b9 (console) character file.

65 lanroth the Shield-Bearer (level 4, -1/35 HPs)
             Began as a Human Fighter on Feb 10, 2017.
             Succumbed to mistymad's ghost's poison
             ... on level 2 of the Dungeon.
             The game lasted 00:14:59 (1644 turns).

lanroth the Shield-Bearer (Human Fighter)           Turns: 1644, Time: 00:15:00

Health: -1/35      AC:  6    Str: 16    XL:     4   Next: 34%
Magic:  4/4        EV:  7    Int:  9    God:
Gold:   98         SH: 10    Dex: 13    Spells: 0 memorised, 3 levels left

rFire  . . .     SeeInvis .     e - +1 short sword (freeze)
rCold  . . .     Gourm    .     b - +0 scale mail
rNeg   . . .     Faith    .     c - +1 shield
rPois  .         Spirit   .     (no helmet)
rElec  .         Reflect  .     (no cloak)
rCorr  .         Harm     .     (no gloves)
MR     .....                    (no boots)
Stlth  ..........               (no amulet)
                                (no ring)
                                (no ring)

@: lethally poisoned (-1 -> -26), flying
A: no striking features
a: no special abilities


You were on level 2 of the Dungeon.
You were hungry.

You visited 1 branch of the dungeon, and saw 3 of its levels.

You collected 98 gold pieces.

Inventory:

Hand Weapons
 a - a +0 rapier
 e - a +1 short sword of freezing (weapon)
 j - a +0 hand axe
 q - a +0 spear
 r - a +0 dagger of venom
 u - a +0 spear
 x - a +0 spear (quivered)
 C - a +0 trident
Missiles
 h - 18 arrows
 l - 61 stones
 m - 31 bolts
 o - 4 large rocks
 s - 19 sling bullets
 t - 5 poisoned needles
Armour
 b - a +0 scale mail (worn)
 c - a +1 shield (worn)
 n - a +0 leather armour
 w - a +0 leather armour
 y - a +0 ring mail
 A - a +0 leather armour
Scrolls
 i - 5 scrolls of remove curse {unknown}
Potions
 d - a potion of might
 B - a potion of ambrosia {unknown}
Comestibles
 f - a bread ration
 g - a slice of pizza
 k - 4 chunks of flesh
 v - a meat ration
 z - 2 fruits


   Skills:
 + Level 3.3 Fighting
 + Level 2.6 Short Blades
 + Level 3.5 Armour
 + Level 0.2 Dodging
 + Level 3.7 Shields


You had 3 spell levels left.
You didn't know any spells.

Dungeon Overview and Level Annotations

Branches:
Dungeon (3/15)

Altars:
Uskayaw

Annotations:
D:3 mistymad's ghost, amateur CeHu


Message History

You feel sick.
You feel sick.
Mistymad's ghost hits you but does no damage.
You are more poisoned.
* * * LOW HITPOINT WARNING * * *
You feel sick.
There is a stone staircase leading up here.
You are feeling hungry.
* * * LOW HITPOINT WARNING * * *
You feel sick. Mistymad's ghost hits you.
* * * LOW HITPOINT WARNING * * *
You are more poisoned.
You climb upwards.
* * * LOW HITPOINT WARNING * * *
You feel very sick.
There is a stone staircase leading down here.
It was a potion of flight.
You feel very buoyant.
You fly up into the air.
You die...

### #######.## #......#.# ###############
############### #.#####.## #.............#
#.............###########.# #.####.###########.#
#.#####.###...##..........# #......# #.# #.# #..#
#.....@.#################### #.# #.#
#..###...###..............# #.# #.####........#
##############.# #.# #...........### #.# ####### #.#
######....### #.# #.....# #.# ###
####.####################.# #.###.######.# ##.##
#.#..................#.# #.# #........# ##...##
#.#...######.#######.#.### #.###.########
##.....########.#.#.###...#.....##.#...# #.....#
#...............#.......##.####.##.###.######.###
##.....########.#.8.8.8.##.# #................#
##...## #.........##.# ####.###.######..###
##.##########.........##.# ###.##...## #.....#
###.........#...#......##.# #...#.....###.#.#.#####
#...###.........#_........# ##.##..................#
#.#.# #.###.#...#......#### #...........##.#.#.###.#
#.#.###.###.##.........# #..##.......##.....###.#
#...........##.........#######..###......###........#
#...###.###.##.#.8.8.8.#...)......##.....# #.#...#..#
#...###................#.#####..#.##.##..###...#>...#
#...##.#.##.###...###.##.### #..#.##..........###...#
###.....###...# ##### #......#
#..#.....#..###...#....# #....#.## ##..#
#..#.#.###..#..#.##..# #.#...#..### #.##.##.###.#.#
#.......##..#..#.###.# #..........# #.##.##..#.##.#
##.#.#.......>..<....# ##.#.#.###.# #.##.#....###.#
#.....######..#.###.# #..........# #.##..........#
###.### #.....##.# #..######..# #.####...####.# #.#
#.##..##.# #..# #..# #.# ##.## #.#
#.########.##..##.###..# #..# #.# #.# #.#
#..........##..##.#....# #..# #.# #.#
#.########################..##.#.#.## #..# #.# #.#
#.............# #..##.#.#.#### #..# #.#
#.#####.###########.# #..##.#......# #..# #.#
##....<...######## #.# #..##.#......####..#


There were no monsters in sight!

Vanquished Creatures
  An adder (D:2)
  An ooze (D:2)
  2 worms (D:2)
  A dart slug (D:1)
  4 leopard geckos
  2 giant cockroaches
  3 hobgoblins
  5 jackals
  3 kobolds (D:1)
  2 quokkas (D:2)
  4 bats
  3 frilled lizards
  5 goblins
  4 rats
40 creatures vanquished.

Notes
Turn   | Place    | Note
-------+----------+-------------------------------------------
     0 | D:1      | lanroth the Human Fighter began the quest for the Orb.
     0 | D:1      | Reached XP level 1. HP: 18/18 MP: 1/1
   199 | D:1      | Reached XP level 2. HP: 21/24 MP: 2/2
   537 | D:1      | Reached XP level 3. HP: 22/29 MP: 3/3
  1195 | D:2      | Found a hide-covered altar of Uskayaw.
  1203 | D:2      | Reached XP level 4. HP: 33/35 MP: 4/4
  1627 | D:3      | Noticed mistymad's ghost (amateur CeHu)
  1643 | D:2      | HP: 1/35 [poisoned by mistymad's ghost]
  1644 | D:2      | Succumbed to mistymad's ghost's poison

Action                   |  1- 3 |  4- 6 || total
-------------------------+-------+-------++-------
Melee: Rapier            |    94 |       ||    94
       Short sword       |     5 |    29 ||    34
Throw: Stone             |    11 |       ||    11
  Use: Potion            |     2 |     1 ||     3
       Scroll            |     2 |       ||     2
  Eat: Chunk             |     1 |     1 ||     2
Armor: Scale mail        |    52 |     9 ||    61
Dodge: Dodged            |    34 |     2 ||    36
Block: Shield            |    57 |    10 ||    67
